 Dungeon Crawl Stone Soup version 0.21.0 (webtiles) character file.

151238 edsrzf the Black Belt (level 17, -11/166 HPs)
             Began as a Barachi Wizard on Jan 7, 2018.
             Was a High Priest of Cheibriados.
             Mangled by a five-headed hydra (12 damage)
             ... called by a spriggan druid
             ... on level 4 of the Swamp.
             The game lasted 02:10:30 (36555 turns).

edsrzf the Black Belt (Barachi Wizard)             Turns: 36555, Time: 02:10:30

Health: -11/166    AC:  8    Str: 27    XL:     17   Next: 55%
Magic:  21/29      EV: 20    Int: 36    God:    Cheibriados [*****.]
Gold:   2668       SH:  0    Dex: 28    Spells: 4/32 levels left

rFire    . . .     SeeInvis .     - Unarmed
rCold    + + +     Gourm    .   (shield currently unavailable)
rNeg     . . .     Faith    .   (armour currently unavailable)
rPois    +         Spirit   .   (helmet currently unavailable)
rElec    .         Reflect  .   (cloak currently unavailable)
rCorr    .         Harm     .   (gloves currently unavailable)
MR       +....     Clarity  +   (boots currently unavailable)
Stlth    ++++......             w - amulet "Xuenkumm" {Regen+ Str+3}
HPRegen  0.77/turn              O - ring of Ischumpare {+Fly Dex+3 Stlth+}
MPRegen  0.21/turn              A - ring of protection from fire

@: ice-form, very slow
A: large, +LOS, swims, clarity, clumsy 1
a: End Transformation, Bend Time, Temporal Distortion, Slouch, Step From Time,
Renounce Religion, Evoke Flight


You were on level 4 of the Swamp.
You worshipped Cheibriados.
Cheibriados was extremely pleased with you.
You were not hungry.
You were a creature of crystalline ice.
You visited 5 branches of the dungeon, and saw 28 of its levels.
You also visited: Sewer, Bailey and Ice Cave.

You collected 3016 gold pieces.
You spent 348 gold pieces at shops.

Inventory:

Armour
 e - a +2 cloak of invisibility (melded)
 Q - a +2 pair of gloves (melded)
 R - a +3 leather armour of fire resistance (melded)
 T - a +0 pair of boots (melded)
 U - a +2 helmet of intelligence (melded)
Jewellery
 h - an uncursed ring of protection from magic
 i - an uncursed ring of ice
 j - an uncursed ring of resist corrosion
 m - an uncursed ring of wizardry
 w - the amulet "Xuenkumm" (around neck) {Regen+ Str+3}
   (You acquired it on level 13 of the Dungeon)

   [amulet of regeneration]

   It affects your strength (+3).
   It increases your rate of regeneration.
 x - an uncursed ring of fire
 y - an uncursed ring of ice
 A - a ring of protection from fire (right front paw)
 B - an uncursed amulet of guardian spirit
 K - an uncursed ring of see invisible
 O - the ring of Ischumpare (left front paw) {+Fly Dex+3 Stlth+}
   (You acquired it on level 10 of the Dungeon)

   [ring of flight]

   It affects your dexterity (+3).
   It lets you fly.
   It makes you more stealthy.
 W - an uncursed ring of positive energy
 X - the ring "Yturrio" {rN+ MP+9}
   (You acquired it on level 6 of the Lair of Beasts)

   [ring of magical power]

   It protects you from negative energy.
   It affects your magic capacity (+9).
Wands
 f - a wand of acid (8)
 z - a wand of disintegration (34)
 C - a wand of enslavement (16)
 F - a wand of flame (41)
 H - a wand of clouds (18)
 I - a wand of iceblast (19)
 Y - a wand of paralysis (19)
Scrolls
 a - 3 scrolls of enchant armour
 g - 2 scrolls of identify {@r1}
 l - 9 scrolls of magic mapping
 n - 6 scrolls of fog
 q - a scroll of blinking
 s - 17 scrolls of remove curse {@r2}
 t - 6 scrolls of teleportation {@r3}
 J - a scroll of silence {!r}
 M - 3 scrolls of amnesia
Potions
 b - a potion of cancellation
 c - a potion of agility
 k - 6 potions of curing
 o - 3 potions of invisibility
 r - 4 potions of brilliance
 u - 5 potions of might
 v - 2 potions of magic
 N - 4 potions of flight
 P - a potion of heal wounds
Books
 p - a book of Air
 D - a book of Callings
 G - a book of Necromancy
 L - a book of Misfortune
 V - a book of Battle
Miscellaneous
 S - a box of beasts
Comestibles
 d - 63 rations


   Skills:
 + Level 14.3 Fighting
 - Level 10.0 Dodging
 - Level 1.7 Stealth
 + Level 17.5 Unarmed Combat
 - Level 8.0 Spellcasting
 - Level 8.5 Conjurations
   Level 1.2 Summonings
 - Level 1.1 Translocations
 - Level 10.0 Transmutations
 - Level 1.0 Fire Magic
 - Level 7.0 Air Magic
 - Level 2.6 Poison Magic
 - Level 12.0 Invocations
 + Level 9.4 Evocations


You had 4 spell levels left.
You knew the following spells:

 Your Spells              Type           Power        Failure   Level  Hunger
b - Blink                 Tloc           N/A          2%          2    None
c - Mephitic Cloud        Conj/Pois/Air  ######..     1%          3    None
d - Static Discharge      Conj/Air       ######..     1%          3    None
f - Conjure Flame         Conj/Fire      #####...     1%          3    None
h - Blade Hands           Tmut           ######....   1%          5    ###....
i - Ice Form              Ice/Tmut       ######..     3%          4    None
s - Spider Form           Tmut/Pois      ######....   1%          3    None
A - Airstrike             Air            ######....   1%          4    None
T - Confusing Touch       Hex            ##....       2%          1    None


Dungeon Overview and Level Annotations

Branches:
Dungeon (15/15)            Temple (1/1) D:6            Lair (6/6) D:8
  Swamp (4/4) Lair:3        Snake (0/4) Lair:3        Slime (0/5) Lair:5
    Orc (2/2) D:11            Elf (0/3) Orc:2        Vaults (0/5) D:14
 Depths (0/5) D:15

Altars:
Ashenzari
Cheibriados
Dithmenos
Elyvilon
Fedhas
Gozag
Hepliaklqana
Kikubaaqudgha
Makhleb
Nemelex Xobeh
Okawaru
Qazlal
Ru
Sif Muna
Trog
Uskayaw
Vehumet
Wu Jian
Xom
Yredelemnul
Zin
The Shining One

Shops:
D:4 ?   D:5 *   D:6 %   D:7 !   D:8 %   D:11 %   Orc:2 [:*

Portals:
Trove: D:11 (give 18 potions of curing)

Annotations:
D:5 2 transporters
Lair:6 exclusion: 4 oklob plants


Innate Abilities, Weirdness & Mutations

Shadows flee at your approach. (+LOS)
You can swim through water.
((You cover ground slowly.))
((You can hop long distances.))
You possess an exceptional clarity of mind.
You are clumsy. (Dex -2)
((Your system is resistant to poisons. (rPois)))


Message History

A swamp worm comes into view.
You pummel the swamp dragon!! You freeze the swamp dragon!
The swamp dragon is heavily wounded.
The swamp dragon misses you. The swamp dragon barely misses you.
The swamp dragon tramples you but does no damage.
You completely miss the swamp dragon.
The swamp dragon is heavily wounded.
You warm up again.
Your +2 cloak of invisibility unmelds from your body.
Your +2 helmet of intelligence unmelds from your body.
Your +2 pair of gloves unmelds from your body.
Your +0 pair of boots unmelds from your body.
Your +3 leather armour of fire resistance unmelds from your body.
You become transparent for a moment.
You feel clever.
You feel resistant to fire.
Okay, then.
You feel much better.
The swamp worm moves out of view.
Your magical contamination has completely faded away.
A swamp dragon comes into view.
Casting: Ice Form
Confirm with . or Enter, or press ? or * to list all spells.
You don't know that spell.
Casting: Ice Form
Confirm with . or Enter, or press ? or * to list all spells.
You turn into a creature of crystalline ice.
Your +2 cloak of invisibility melds into your body.
Your +2 helmet of intelligence melds into your body.
Your +2 pair of gloves melds into your body.
Your +0 pair of boots melds into your body.
Your +3 leather armour of fire resistance melds into your body.
You feel stupid.
You feel less resistant to fire. The swamp dragon completely misses you.
The swamp dragon claws you! The swamp dragon barely misses you. x2
The swamp dragon misses you. The swamp dragon closely misses you.
A five-headed hydra comes into view.
You hit the swamp dragon but do no damage.
The swamp dragon is heavily wounded.
The swamp dragon bites you but does no damage.
The swamp dragon claws you!
* * * LOW HITPOINT WARNING * * *
The swamp dragon misses you.
The five-headed hydra moves out of view.
Press: ? - help, v - describe, . - travel
Here: a swamp dragon (heavily wounded, unusually strong)
The floor.
Unknown command.
You pummel the swamp dragon!! You freeze the swamp dragon.
The swamp dragon is severely wounded.
The swamp dragon bites you but does no damage.
The swamp dragon closely misses you. The swamp dragon barely misses you.
The swamp dragon bites you.
* * * LOW HITPOINT WARNING * * *
The swamp dragon claws you.
* * * LOW HITPOINT WARNING * * *
The swamp dragon tramples you!
* * * LOW HITPOINT WARNING * * *
You stumble backwards!
You hit the swamp dragon. You freeze the swamp dragon.
The swamp dragon is almost dead.
Press: ? - help, v - describe, . - travel
Here: a swamp dragon (almost dead, unusually strong) Some shallow water.
You pummel the swamp dragon!! You freeze the swamp dragon.
You kill the swamp dragon!
Cheibriados thoroughly appreciates the change of pace.
Press: ? - help, v - describe, . - travel, g - get item
Here: a swamp worm (unusually strong)
A quarterstaff.
There is something else lying underneath.
Some shallow water.
Unknown command.
Casting: Ice Form
Confirm with . or Enter, or press ? or * to list all spells.
Okay, then.
Unknown command.
You can feel time thicken for a moment.
You feel somewhat more hungry.
Cheibriados lowers the support of your attributes as your movement quickens.
Press: ? - help, v - describe, . - travel
Here: a swamp worm (heavily wounded, unusually strong)
The floor, spattered with blood.
Unknown command.
You pulverise the swamp dragon!!!
You freeze the swamp dragon.
You kill the swamp dragon!
Cheibriados appreciates the change of pace.
Press: ? - help, v - describe, . - travel
Here: a five-headed hydra (unusually strong) Some shallow water.
Unknown command.
You hit the five-headed hydra.
The five-headed hydra seems to slow down.
You freeze the five-headed hydra.
The five-headed hydra is lightly wounded.
The five-headed hydra bites you!
* * * LOW HITPOINT WARNING * * *
The five-headed hydra bites you!!
* * * LOW HITPOINT WARNING * * *
The five-headed hydra closely misses you.
The five-headed hydra bites you!
You die...

.≈≈,*
♣♣♣.♣.......≈≈...≈..≈..
.≈≈≈*
♣.§..§.≈.≈≈..≈.≈i.≈...
♣,≈,*
*♣♣≈♣..≈.≈≈...........≈
*****
**.≈..≈.......≈≈..≈.≈.≈≈
*..≈..≈..≈.≈..........≈.
♣.$.≈..≈≈...≈≈...≈..≈≈≈≈
♣♣≈≈.≈.♣≈D≈.†≈≈≈....≈.≈≈
♣≈...♣♣♣D♣[♣♣≈.≈.≈≈≈.≈.
*♣.♣♣♣YD..♣≈......}..§)
***♣..w.♣≈[.≈.†..≈.§.≈
♣♣.♣♣♣♣≈♣.≈≈≈...♣§. ♣♣♣
♣♣≈≈..≈≈....≈
♣♣≈♣..♣♣≈♣♣≈ ♣♣♣♣♣♣♣♣♣*♣


You could see a five-headed hydra, a swamp dragon and a swamp worm.

Vanquished Creatures
  Bai Suzhen (Swamp:4)
  Kirke (Lair:4)
  A thorn hunter (Swamp:2)
  A frost giant (IceCv)
  An emperor scorpion (D:15)
  2 orc warlords (Orc:2)
  Snorg (Lair:3)
  An ettin (Orc:2)
  2 minotaurs (D:13)
  Josephine (Orc:1)
  3 centaur warriors
  15 hydras
  Harold (Lair:4)
  A catoblepas (Lair:6)
  Erica (D:8)
  3 ghost crabs
  5 two-headed ogres
  2 dancing weapons (D:14)
  10 death yaks
  3 tengu warriors
  A deep troll shaman (Lair:6)
  7 alligators
  An orc high priest (Orc:2)
  10 spriggans
  4 skeletal warriors (D:14)
  2 unseen horrors
  9 spriggan druids
  9 swamp dragons
  A shambling mangrove (Swamp:2)
  6 orc knights
  A wolf spider zombie (D:12)
  An oklob plant (Lair:5)
  7 orc sorcerers
  A manticore (D:15)
  A deep elf mage (D:12)
  6 elephants (Lair:6)
  8 ugly things
  2 cyclopes
  Joseph (D:9)
  3 black mambas
  3 centaur zombies (D:15)
  An ice statue (IceCv)
  Maurice (Orc:2)
  A torpor snail (Lair:4)
  A spiny frog (shapeshifter) (D:15)
  7 gargoyles
  20 spiny frogs
  4 rime drakes
  2 centaur skeletons (D:13)
  9 yaktaurs (D:13)
  An efreet (D:13)
  A kobold demonologist (Bailey)
  3 komodo dragons
  5 trolls
  6 tyrant leeches
  16 polar bears
  11 hornets
  3 bog bodies
  27 slime creatures
  5 dream sheep (Lair:4)
  9 hippogriffs
  16 blink frogs
  A water elemental (D:13)
  2 shadows
  71 yaks
  A centaur simulacrum (D:15)
  A vampire (D:15)
  6 hogs (Lair:4)
  A wyvern (D:15)
  Sigmund (D:2)
  5 wraiths (Orc:1)
  3 basilisks
  4 wargs
  2 hungry ghosts
  3 vampire mosquitoes (Swamp:4)
  A steam dragon (D:10)
  8 insubstantial wisps
  10 swamp worms
  2 acid dragons
  9 porcupines
  16 water moccasins
  47 orc warriors
  3 swamp drakes (Swamp:4)
  6 sky beasts
  4 black bears (Lair:6)
  5 ice beasts
  4 phantoms
  11 ogres
  53 wolves
  A necrophage (D:12)
  4 boggarts (Lair:6)
  16 centaurs
  9 crocodiles
  13 bullfrogs
  4 big kobolds
  2 wyvern zombies
  3 scorpions
  6 killer bees
  10 wights
  8 electric eels
  6 crimson imps
  A bullfrog zombie (D:12)
  A quasit (D:9)
  5 hounds
  5 jellies
  12 orc priests
  6 bullfrog skeletons
  20 orc wizards
  4 iguanas
  12 worker ants
  3 hell rats (Lair:1)
  2 hound skeletons
  A hound zombie (D:11)
  A howler monkey zombie (D:9)
  A worker ant zombie (D:7)
  22 gnolls
  23 adders
  9 river rats
  5 shadow imps
  6 oozes
  2 adder zombies
  3 worms
  3 dart slugs
  6 leopard geckos
  82 orcs
  12 ball pythons
  4 bats
  A bat zombie (D:2)
  8 giant cockroaches
  12 goblins
  14 hobgoblins
  11 jackals
  2 quokkas
  A ball python skeleton (D:4)
  6 frilled lizards
  A jackal skeleton (D:6)
  2 jackal zombies (D:8)
  17 kobolds
  37 rats
  A butterfly (Lair:6)
1015 creatures vanquished.

Vanquished Creatures (others)
  2 polar bears (IceCv)
  8 wolves (IceCv)
  An orc wizard (D:6)
  2 orcs (Orc:1)
  A kobold (D:13)
  13 fungi
  37 plants
64 creatures vanquished.

Grand Total: 1079 creatures vanquished

Notes
Turn   | Place    | Note
-------+----------+-------------------------------------------
     0 | D:1      | edsrzf the Barachi Wizard began the quest for the Orb.
     0 | D:1      | Reached XP level 1. HP: 13/13 MP: 4/4
   346 | D:1      | Reached skill level 2 in Conjurations
   488 | D:1      | Reached XP level 2. HP: 19/19 MP: 4/6
  1224 | D:2      | Reached skill level 3 in Conjurations
  1250 | D:2      | Noticed Sigmund
  1538 | D:2      | Reached XP level 3. HP: 24/24 MP: 1/7
  1730 | D:2      | Learned a level 2 spell: Blink
  1734 | D:2      | Learned a level 3 spell: Mephitic Cloud
  2189 | D:2      | Reached XP level 4. HP: 30/30 MP: 2/9
  2396 | D:2      | Reached skill level 1 in Poison Magic
  2485 | D:2      | Killed Sigmund
  2485 | D:2      | Reached skill level 4 in Spellcasting
  2485 | D:2      | Reached skill level 4 in Conjurations
  2485 | D:2      | Reached skill level 2 in Poison Magic
  2485 | D:2      | Reached XP level 5. HP: 35/35 MP: 1/11
  2582 | D:2      | Learned a level 2 spell: Swiftness
  2898 | D:3      | Reached XP level 6. HP: 41/41 MP: 10/12
  3231 | D:3      | Found a glowing drain.
  3235 | Sewer    | Entered a sewer
  3381 | Sewer    | Reached skill level 1 in Air Magic
  3767 | Sewer    | Reached skill level 5 in Conjurations
  3980 | Sewer    | Reached skill level 2 in Air Magic
  3984 | Sewer    | Reached skill level 5 in Spellcasting
  3984 | Sewer    | Reached XP level 7. HP: 23/46 MP: 4/14
  4386 | D:3      | Identified 3 potions of curing
  4606 | D:3      | Found a sparkling altar of Nemelex Xobeh.
  4871 | D:4      | Reached skill level 3 in Air Magic
  4950 | D:4      | Found a bloodstained altar of Trog.
  4950 | D:4      | Found a burning altar of Makhleb.
  4950 | D:4      | Found a basalt altar of Yredelemnul.
  4950 | D:4      | Found a blossoming altar of Fedhas.
  5070 | D:4      | Learned a level 3 spell: Conjure Flame
  5074 | D:4      | Learned a level 3 spell: Static Discharge
  5301 | D:4      | Found Culyive's Magic Scroll Shop.
  5314 | D:4      | Bought 2 scrolls of remove curse for 66 gold pieces
  5314 | D:4      | Bought a scroll of blinking for 82 gold pieces
  5331 | D:4      | Identified 5 scrolls of random uselessness
  5421 | D:4      | Found a shadowy altar of Dithmenos.
  5438 | D:4      | Reached skill level 6 in Conjurations
  5709 | D:5      | Entered Level 5 of the Dungeon
  5752 | D:5      | Found Wegyddur's Whimsical Warehouse.
  5873 | D:5      | Reached skill level 4 in Air Magic
  5873 | D:5      | Reached XP level 8. HP: 52/52 MP: 2/16
  6147 | D:5      | Found an opulent altar of Gozag.
  6175 | D:5      | Reached skill level 6 in Spellcasting
  6636 | D:5      | Reached skill level 7 in Conjurations
  6636 | D:5      | Reached skill level 5 in Air Magic
  6777 | D:5      | Found a hazy altar of Hepliaklqana.
  6777 | D:5      | Found a transporter.
  6795 | D:5      | Found a transporter.
  6841 | D:5      | Found a white marble altar of Elyvilon.
  6863 | D:5      | Identified 3 potions of magic
  7025 | D:6      | Found a glowing golden altar of the Shining One.
  7056 | D:6      | Noticed a two-headed ogre
  7407 | D:6      | Killed a two-headed ogre
  7407 | D:6      | Reached skill level 7 in Spellcasting
  7407 | D:6      | Reached skill level 8 in Conjurations
  7407 | D:6      | Reached skill level 6 in Air Magic
  7407 | D:6      | Reached XP level 9. HP: 17/57 MP: 1/20
  7817 | D:6      | Identified 2 potions of brilliance
  8126 | D:6      | Found a deep blue altar of Sif Muna.
  8261 | D:6      | Reached skill level 7 in Air Magic
  8272 | D:6      | Found a staircase to the Ecumenical Temple.
  8283 | Temple   | Entered the Ecumenical Temple
  8379 | Temple   | Became a worshipper of Cheibriados the Contemplative
  8495 | D:6      | Found Elannel's Food Emporium.
  8514 | D:6      | Reached skill level 1 in Fighting
  8514 | D:6      | Reached skill level 1 in Fire Magic
  8531 | D:6      | Learned a level 3 spell: Spider Form
  8672 | D:6      | Reached skill level 1 in Invocations
  8777 | D:6      | Reached skill level 3 in Dodging
  8777 | D:6      | Reached skill level 1 in Transmutations
  8912 | D:7      | Found Rolol's Distillery.
  8927 | D:7      | Reached skill level 2 in Fighting
  8957 | D:7      | Identified a potion of mutation
  9054 | D:7      | Reached skill level 1 in Unarmed Combat
  9295 | D:7      | Reached skill level 2 in Unarmed Combat
  9295 | D:7      | Reached skill level 2 in Transmutations
  9369 | D:7      | Reached skill level 2 in Invocations
  9635 | D:7      | Identified a potion of invisibility
  9753 | D:7      | Reached XP level 10. HP: 68/68 MP: 16/21
  9919 | D:8      | Reached skill level 3 in Fighting
 10157 | D:8      | Reached * piety under Cheibriados
 10157 | D:8      | Reached skill level 3 in Unarmed Combat
 10515 | D:8      | Noticed a manticore
 10527 | D:8      | Reached skill level 3 in Transmutations
 10563 | D:8      | Noticed Erica
 10574 | D:8      | Killed Erica
 10574 | D:8      | Reached skill level 4 in Fighting
 10574 | D:8      | Reached skill level 4 in Unarmed Combat
 10574 | D:8      | Reached skill level 3 in Invocations
 10687 | D:8      | Identified 4 potions of might
 10714 | D:8      | Found Ofiham's Food Emporium.
 11102 | D:8      | Found a staircase to the Lair.
 11239 | D:8      | Got an iridescent short sword
 11240 | D:8      | Identified the +3 short sword of Gluttony {drain, *Corrode rPois Dex+3} (You found it on level 8 of the Dungeon)
 11296 | D:9      | Identified 10 scrolls of magic mapping
 11319 | D:9      | Found a flagged portal.
 11329 | Bailey   | Entered a bailey
 11357 | Bailey   | Reached ** piety under Cheibriados
 11447 | Bailey   | Reached skill level 5 in Unarmed Combat
 11564 | Bailey   | Reached skill level 4 in Transmutations
 11674 | Bailey   | Noticed an orc sorcerer
 11682 | Bailey   | Noticed a kobold demonologist
 11684 | Bailey   | Noticed an orc knight
 11689 | Bailey   | Killed a kobold demonologist
 11695 | Bailey   | Killed an orc knight
 11695 | Bailey   | Reached skill level 5 in Fighting
 11695 | Bailey   | Reached skill level 6 in Unarmed Combat
 11709 | Bailey   | Reached skill level 4 in Invocations
 11710 | Bailey   | Noticed an orange demon
 11717 | Bailey   | Noticed an orange demon
 11719 | Bailey   | Killed an orc sorcerer
 11719 | Bailey   | Reached XP level 11. HP: 76/80 MP: 17/22
 11741 | Bailey   | Reached *** piety under Cheibriados
 11853 | Bailey   | Found an iron altar of Okawaru.
 12005 | Bailey   | Reached skill level 5 in Transmutations
 12339 | D:9      | Got a slimy battleaxe
 12340 | D:9      | Identified the +7 battleaxe of the Magi {freeze, rN++ Int+2 Dex-2} (You found it on level 9 of the Dungeon)
 12443 | D:9      | Reached skill level 7 in Unarmed Combat
 12500 | D:9      | Noticed Joseph
 12522 | D:9      | Killed Joseph
 12750 | D:9      | Reached skill level 6 in Fighting
 12768 | D:10     | Entered Level 10 of the Dungeon
 12799 | D:10     | Identified 5 potions of ambrosia
 12816 | D:10     | Identified 4 potions of flight
 12859 | D:10     | Identified 5 scrolls of fog
 12861 | D:10     | Got a glittering jade ring
 12863 | D:10     | Identified the ring of Ischumpare {+Fly Dex+3 Stlth+} (You acquired it on level 10 of the Dungeon)
 13099 | D:10     | Killed an unseen horror
 13660 | D:10     | Reached **** piety under Cheibriados
 13660 | D:10     | Reached skill level 8 in Unarmed Combat
 13939 | D:10     | Reached skill level 5 in Invocations
 14133 | D:10     | Reached skill level 6 in Transmutations
 14458 | D:10     | Learned a level 4 spell: Airstrike
 14458 | D:10     | Identified a scroll of enchant armour
 14459 | D:10     | Identified a scroll of immolation
 14460 | D:10     | Identified a scroll of noise
 14461 | D:10     | Identified a scroll of enchant weapon
 14462 | D:10     | Identified a scroll of vulnerability
 14907 | Lair:1   | Entered Level 1 of the Lair of Beasts
 15206 | Lair:1   | Reached skill level 8 in Spellcasting
 15217 | Lair:1   | Reached skill level 7 in Fighting
 16343 | Lair:1   | Learned a level 5 spell: Blade Hands
 16374 | Lair:1   | Reached skill level 9 in Unarmed Combat
 16379 | Lair:1   | Reached ***** piety under Cheibriados
 16532 | Lair:1   | Reached skill level 7 in Transmutations
 16532 | Lair:1   | Reached XP level 12. HP: 88/91 MP: 18/24
 16783 | Lair:2   | Found a frozen archway.
 16789 | Lair:2   | Reached skill level 6 in Invocations
 16796 | IceCv    | Entered an ice cave
 17542 | IceCv    | Reached skill level 8 in Transmutations
 17749 | IceCv    | Reached skill level 10 in Unarmed Combat
 17837 | IceCv    | Reached skill level 7 in Invocations
 17846 | IceCv    | Noticed a death yak
 17860 | IceCv    | Killed a death yak
 18146 | IceCv    | Noticed a frost giant
 18160 | IceCv    | Killed a frost giant
 18160 | IceCv    | Reached skill level 9 in Transmutations
 18681 | Lair:2   | Reached skill level 11 in Unarmed Combat
 18681 | Lair:2   | Reached skill level 8 in Invocations
 18989 | Lair:2   | Gained mutation: You can hop long distances. [Barachi growth]
 18989 | Lair:2   | Reached XP level 13. HP: 86/96 MP: 17/25
 19803 | Lair:3   | Found a staircase to the Snake Pit.
 19804 | Lair:3   | Reached ****** piety under Cheibriados
 19819 | Lair:3   | Reached skill level 10 in Transmutations
 20156 | Lair:3   | Found a staircase to the Swamp.
 20505 | Lair:3   | Noticed Snorg
 20585 | Lair:3   | Reached skill level 4 in Dodging
 20778 | Lair:3   | Identified 2 scrolls of amnesia
 20832 | Lair:3   | Learned a level 4 spell: Ice Form
 20982 | Lair:3   | Identified a scroll of silence
 21068 | Lair:3   | Reached skill level 9 in Invocations
 21506 | Lair:3   | Killed Snorg
 21506 | Lair:3   | Reached skill level 5 in Dodging
 21506 | Lair:3   | Reached skill level 12 in Unarmed Combat
 21594 | Lair:4   | Noticed Kirke
 21613 | Lair:4   | Killed Kirke
 21744 | Lair:4   | Reached skill level 6 in Dodging
 22208 | Lair:4   | Noticed Harold
 22778 | Lair:4   | Killed Harold
 22778 | Lair:4   | Reached XP level 14. HP: 103/103 MP: 18/26
 23004 | Lair:4   | Reached skill level 7 in Dodging
 23144 | Lair:5   | Found a staircase to the Slime Pits.
 23164 | Lair:5   | Reached skill level 10 in Invocations
 23452 | Lair:5   | Identified a potion of degeneration
 23851 | Lair:6   | Entered Level 6 of the Lair of Beasts
 23878 | Lair:6   | Reached skill level 13 in Unarmed Combat
 24106 | Lair:6   | Reached skill level 8 in Dodging
 24521 | Lair:6   | Identified a potion of haste
 24941 | Lair:6   | Reached skill level 9 in Dodging
 25325 | Lair:6   | Reached skill level 11 in Invocations
 25345 | Lair:6   | Got a slimy glass ring
 25346 | Lair:6   | Identified the ring "Yturrio" {rN+ MP+9} (You acquired it on level 6 of the Lair of Beasts)
 25857 | D:11     | Identified a potion of cancellation
 26102 | D:11     | Found a staircase to the Orcish Mines.
 26187 | D:11     | Found Viucutep's Food Emporium.
 26447 | D:11     | Found a portal to a secret trove of treasure.
 26994 | Orc:1    | Entered Level 1 of the Orcish Mines
 26999 | Orc:1    | Noticed Josephine
 27016 | Orc:1    | Reached skill level 14 in Unarmed Combat
 27023 | Orc:1    | Killed Josephine
 27665 | Orc:1    | Reached XP level 15. HP: 79/108 MP: 19/27
 27874 | Orc:2    | Entered Level 2 of the Orcish Mines
 28064 | Orc:2    | Noticed Maurice
 28158 | Orc:2    | Found a staircase to the Elven Halls.
 28185 | Orc:2    | Found a bloodstained altar of Trog.
 28269 | Orc:2    | Found Fallakluru's General Store.
 28285 | Orc:2    | Reached skill level 10 in Dodging
 28419 | Orc:2    | Noticed an orc warlord
 28687 | Orc:2    | Killed an orc warlord
 28687 | Orc:2    | Reached skill level 8 in Fighting
 28782 | Orc:2    | Bought a potion of heal wounds for 80 gold pieces
 28782 | Orc:2    | Bought a scroll of blinking for 120 gold pieces
 28821 | Orc:2    | Found Veuts's Antique Weapon Shop.
 28846 | Orc:2    | Paralysed by an orc sorcerer for 2 turns
 28849 | Orc:2    | Noticed an orc warlord
 28863 | Orc:2    | Killed an orc warlord
 29097 | Orc:2    | Found Pybauj's Antique Armour Emporium.
 29125 | Orc:2    | Paralysed by an orc sorcerer for 3 turns
 29310 | Orc:2    | Killed Maurice
 29337 | Orc:2    | Found Desuts's Book Emporium.
 29558 | D:12     | Reached skill level 9 in Fighting
 29847 | D:12     | Reached skill level 12 in Invocations
 30312 | D:12     | Found an ornate altar of the Wu Jian Council.
 30455 | D:13     | Reached skill level 15 in Unarmed Combat
 30580 | D:13     | Got a steaming amethyst amulet
 30582 | D:13     | Identified the amulet "Xuenkumm" {Regen+ Str+3} (You acquired it on level 13 of the Dungeon)
 30734 | D:13     | Reached skill level 10 in Fighting
 30773 | D:13     | Identified a scroll of fear
 31087 | D:13     | Identified a scroll of brand weapon
 31250 | D:13     | Identified a scroll of holy word
 31399 | D:13     | Reached skill level 1 in Evocations
 31405 | D:13     | Reached skill level 11 in Fighting
 31423 | D:13     | Reached XP level 16. HP: 112/125 MP: 20/28
 31437 | D:13     | Reached skill level 2 in Evocations
 31928 | D:14     | Found a gate to the Vaults.
 31932 | D:14     | Reached skill level 3 in Evocations
 32040 | D:14     | Gained mutation: Your system is resistant to poisons. (rPois) [potion of mutation]
 32040 | D:14     | Gained mutation: You are clumsy. (Dex -2) [potion of mutation]
 32040 | D:14     | Gained mutation: You possess an exceptional clarity of mind. [potion of mutation]
 32254 | D:14     | Reached skill level 16 in Unarmed Combat
 32318 | D:14     | Reached skill level 4 in Evocations
 32358 | D:14     | Learned a level 1 spell: Confusing Touch
 32748 | D:15     | Entered Level 15 of the Dungeon
 32844 | D:15     | Reached skill level 12 in Fighting
 32893 | D:15     | Reached skill level 5 in Evocations
 33076 | D:15     | Found a staircase to the Depths.
 33725 | Swamp:1  | Entered Level 1 of the Swamp
 33764 | Swamp:1  | Reached skill level 6 in Evocations
 34675 | Swamp:2  | Noticed a thorn hunter
 34684 | Swamp:2  | Killed a thorn hunter
 35004 | Swamp:2  | Reached skill level 7 in Evocations
 35011 | Swamp:2  | Reached skill level 13 in Fighting
 35271 | Swamp:3  | Identified a potion of berserk rage
 35347 | Swamp:3  | Reached XP level 17. HP: 36/137 MP: 25/29
 35360 | Swamp:3  | Reached skill level 17 in Unarmed Combat
 35657 | Swamp:3  | Identified a potion of agility
 35777 | Swamp:3  | Reached skill level 8 in Evocations
 36037 | Swamp:4  | Entered Level 4 of the Swamp
 36151 | Swamp:4  | Noticed Bai Suzhen
 36203 | Swamp:4  | Killed Bai Suzhen
 36433 | Swamp:4  | Reached skill level 14 in Fighting
 36454 | Swamp:4  | Reached skill level 9 in Evocations
 36503 | Swamp:4  | HP: 2/166 [six-headed hydra[a spriggan druid] (10)]
 36555 | Swamp:4  | HP: 1/166 [five-headed hydra[a spriggan druid] (18)]
 36555 | Swamp:4  | Mangled by a five-headed hydra

Skill      XL: |  1  2  3  4  5  6  7  8  9 10 11 12 13 14 15 16 17 |
---------------+----------------------------------------------------+-----
Conjurations   | 2 3 4 5 6 8 |  8.5
Poison Magic   | 2 |  2.6
Spellcasting   | 4 5 7 8 |  8.0
Air Magic      | 2 4 6 7 |  7.0
Fighting       | 2 5 7 11 13 14 | 14.3
Fire Magic     | 1 |  1.0
Invocations    | 2 4 5 8 9 11 12 | 12.0
Dodging        | 3 6 9 10 | 10.0
Transmutations | 2 4 7 9 10 | 10.0
Unarmed Combat | 2 6 9 11 12 14 15 16 17 | 17.5
Evocations     | 1 7 9 |  9.4
Stealth        | |  1.7
Summonings     | |  1.2
Translocations | |  1.1

Action                   |  1- 3 |  4- 6 |  7- 9 | 10-12 | 13-15 | 16-18 || total
-------------------------+-------+-------+-------+-------+-------+-------++-------
Melee: Unarmed           |    30 |    11 |    24 |   165 |  1046 |   501 ||  1777
       Long sword        |       |    20 |    61 |     1 |       |       ||    82
       Punch             |       |       |     1 |    36 |   105 |    69 ||   211
       Trident           |       |       |       |   369 |       |       ||   369
       Battleaxe         |       |       |       |    21 |       |       ||    21
       Scimitar          |       |       |       |    17 |       |       ||    17
 Cast: Magic Dart        |    86 |   124 |   362 |   143 |     5 |       ||   720
       Mephitic Cloud    |     1 |     1 |     3 |    12 |    15 |     1 ||    33
       Blink             |       |     1 |     3 |     2 |       |       ||     6
       Conjure Flame     |       |       |    14 |    15 |     4 |     1 ||    34
       Blade Hands       |       |       |       |    17 |    75 |    32 ||   124
       Ice Form          |       |       |       |       |     9 |     8 ||    17
       Airstrike         |       |       |       |       |     2 |     2 ||     4
       Confusing Touch   |       |       |       |       |       |     1 ||     1
Invok: Slouch            |       |       |       |       |    10 |     6 ||    16
 Abil: Hop               |       |       |     2 |     4 |     4 |     1 ||    11
       End Transformatio |       |       |       |       |     1 |     2 ||     3
Evoke: Wand              |       |       |     1 |    10 |     5 |       ||    16
  Use: Scroll            |     1 |     2 |     7 |    16 |    21 |     7 ||    54
       Potion            |       |     1 |    10 |    10 |     6 |    11 ||    38
 Stab: Confused          |       |     1 |       |     6 |     5 |     1 ||    13
       Sleeping          |       |       |     1 |     8 |    12 |     5 ||    26
       Distracted        |       |       |       |     2 |     1 |     2 ||     5
  Eat: Chunk             |     4 |     6 |    18 |    12 |    22 |     7 ||    69
       Ration            |       |       |     1 |     2 |     3 |     3 ||     9
Armor: Robe              |    13 |     8 |    17 |    13 |       |       ||    51
       Skin              |       |    42 |    30 |       |     8 |    33 ||   113
       Leather armour    |       |       |       |   150 |   222 |    78 ||   450
Dodge: Dodged            |    35 |    37 |    76 |   416 |  1019 |   495 ||  2078
       Rpst.: Long sword |       |    11 |    14 |     2 |       |       ||    27
       Scimitar          |       |       |       |     1 |       |       ||     1
